 Dungeon Crawl Stone Soup version 0.15-a0-1253-g15b4f57 (webtiles) character file.

12284 Leibowitz the Fighter (level 11, -2/95 HPs)
             Began as a Demigod Gladiator on May 12, 2014.
             Slain by a gargoyle
             ... wielding a +0,+0 mace
              (11 damage)
             ... in a labyrinth on June 4, 2014.
             The game lasted 01:23:58 (15247 turns).

Leibowitz the Fighter (Demigod Gladiator)          Turns: 15247, Time: 01:23:59

HP  -2/95        AC 19     Str 25      XL: 11   Next: 34%
MP  22/22        EV 10     Int 14      God:
Gold 714         SH  0     Dex 19      Spells:  2 memorised, 10 levels left

rFire  . . .     SeeInvis .     z - +3,+2 spear (flame)
rCold  . . .     Clarity  .     B - +4 chain mail of Zow Mnev {Str+4 Stlth+}
rNeg   + . .     rCorr    +     (no shield)
rPois  .         rRot     .     c - +0 helmet
rElec  .         Spirit   .     v - +0 cloak
SustAb .         Warding  .     C - +1 pair of gloves
rMut   .         Stasis   .     (no boots)
Gourm  .                        h - amulet of resist corrosion
MR     ++...                    m - ring of protection from magic
                                e - ring of positive energy

@: very resistant to hostile enchantments, unstealthy
A: no striking features
a: no special abilities


You were in a labyrinth.
You were not hungry.

You visited 2 branches of the dungeon, and saw 12 of its levels.
You also visited: Labyrinth.

You collected 714 gold pieces.

Inventory:

Hand weapons
 a - a +0,+2 spear of venom
 b - a +0 blowgun
 o - a +0,+1 antimagic dagger
 q - a cursed +1,+1 dagger of venom
 y - a +0,+0 trident
 z - a +3,+2 spear of flaming (weapon)
 O - a +2,+4 scimitar of flaming
Missiles
 d - 4 throwing nets
 u - 20 stones
 E - 33 poisoned needles
 L - 5 curare-tipped needles
 N - 4 needles of paralysis
 P - 5 javelins (quivered)
Armour
 c - a +0 helmet (worn)
 k - a +0 leather armour of fire resistance
 v - a +0 cloak (worn)
 B - the +4 chain mail of Zow Mnev (worn) {Str+4 Stlth+}
   (You found it on level 8 of the Dungeon)

   It affects your strength (+4).
   It makes you more stealthy.
 C - a +1 pair of gloves (worn)
 D - a +2 robe of magic resistance
 F - a +0 leather armour of positive energy
Magical devices
 r - a wand of lightning (0)
 s - a wand of fire (1)
 t - a wand of draining (5)
 J - a wand of hasting (2)
 M - a wand of flame (13)
Comestibles
 f - 5 bread rations
 l - 5 meat rations
 A - 3 royal jellies
Scrolls
 g - 4 scrolls of remove curse
 j - 8 scrolls of identify
 p - 2 scrolls of teleportation
 x - a scroll of enchant weapon I
 H - 3 scrolls of enchant armour
Jewellery
 e - a ring of positive energy (left hand)
 h - an amulet of resist corrosion (around neck)
 m - a ring of protection from magic (right hand)
 n - an uncursed ring of invisibility
 G - the amulet of the Suburbs {Stasis Dex+3 Int-3}
   (You acquired it on level 8 of the Dungeon)

   [amulet of stasis]

   It prevents you from being teleported, slowed, hasted or paralysed.
   It affects your intelligence (-3).
   It affects your dexterity (+3).
 K - a +3 ring of intelligence


   Skills:
 * Level 8.4 Fighting
 + Level 0.5 Long Blades
 + Level 7.4 Polearms
 + Level 4.4 Throwing
 + Level 6.2 Armour
 + Level 7.6 Dodging
 * Level 7.8 Stealth
 + Level 2.1 Spellcasting
 + Level 1.8 Charms
 + Level 1.5 Air Magic
 + Level 0.1 Poison Magic
 + Level 2.2 Evocations


You had 10 spell levels left.
You knew the following spells:

 Your Spells              Type           Power        Failure   Level  Hunger
a - Swiftness             Chrm/Air       #.......     89%         2    ###....
b - Cure Poison           Pois           #.........   99%         2    ###....


Dungeon Overview and Level Annotations

Branches:
Dungeon (10/15)            Temple (0/1) D:4            Lair (2/8) D:10
    Orc: D:9-12

Shops:
D:8 (

Annotations:
Lair:1 Zuul's ghost, powerful DsGl


Message History

The gargoyle hits you but does no damage.
You hit the gargoyle but do no damage.
The gargoyle is heavily damaged.
The gargoyle hurls a stone arrow at you.
The stone arrow hits you!
* * * LOW HITPOINT WARNING * * *
You hit the gargoyle. You burn the gargoyle.
The gargoyle is severely damaged.
You hit the gargoyle but do no damage.
The gargoyle is severely damaged.
The gargoyle closely misses you.
You hit the gargoyle but do no damage.
The gargoyle is severely damaged.
The gargoyle hits you but does no damage.
You hit the gargoyle but do no damage.
The gargoyle is severely damaged.
You hit the gargoyle but do no damage.
The gargoyle is severely damaged.
The gargoyle hits you with a mace!
You die...

#.. ## #.#
#... #.# .
.# #.##
.PP?PP....
# ≈≈ .#.##
# ♣ P).. .
# ≈ #9#)##
. P . #@#
### #####
. . .


You could see a gargoyle.

Vanquished Creatures
  Fannar (D:10)
  Harold (D:10)
  A hydra (Lair:2)
  Erica (D:10)
  A hill giant (D:10)
  3 gargoyles (Lab)
  A komodo dragon (D:9)
  A troll (D:9)
  Sonja (D:10)
  A two-headed ogre (D:9)
  A basilisk (Lair:1)
  A wraith (D:10)
  A hippogriff (Lair:1)
  2 hungry ghosts
  3 yaks (Lair:2)
  A hill giant skeleton (D:8)
  3 water moccasins
  2 sky beasts
  A necrophage (D:9)
  A black bear (D:4)
  An ice beast (D:5)
  3 phantoms
  3 orc warriors (D:9)
  3 ogres
  A crocodile (Lair:2)
  3 centaurs
  A gnoll sergeant (D:7)
  7 giant frogs
  A wyvern skeleton (D:9)
  8 wights
  5 killer bees (D:9)
  7 scorpions
  A spriggan skeleton (Lab)
  An electric eel (D:7)
  2 troll skeletons (Lab)
  A quasit (D:5)
  5 crimson imps
  2 jellies
  A goliath beetle (D:9)
  A centaur skeleton (D:6)
  7 orc priests
  7 hounds
  8 big fish (D:7)
  3 centaur zombies
  15 orc wizards
  Natasha (twice) (D:6)
  6 worker ants
  6 iguanas
  An ogre skeleton (Lab)
  A mummy (D:8)
  A worker ant zombie (D:9)
  16 gnolls
  11 adders
  2 shadow imps
  A steam dragon skeleton (D:6)
  5 worms
  2 giant mites
  An adder zombie (D:7)
  2 adder skeletons
  8 giant geckos
  2 oozes (D:3)
  38 orcs
  16 bats
  2 bat skeletons (D:6)
  6 giant cockroaches
  23 goblins
  14 hobgoblins
  15 kobolds
  6 quokkas
  3 ball pythons
  4 giant newts
  3 giant spores
  A hobgoblin zombie (D:8)
  9 jackals
  An orc skeleton (D:4)
  An orc zombie (D:6)
  A quokka zombie (D:5)
  15 rats
  7 ballistomycetes
  A plant (D:10)
358 creatures vanquished.

Vanquished Creatures (others)
  A plant (D:10)
1 creature vanquished.

Grand Total: 359 creatures vanquished

Notes
Turn   | Place    | Note
--------------------------------------------------------------
     0 | D:1      | Leibowitz, the Demigod Gladiator, began the quest for the Orb.
     0 | D:1      | Reached XP level 1. HP: 17/17 MP: 2/2
   337 | D:1      | Reached XP level 2. HP: 24/24 MP: 3/3
   815 | D:2      | Reached skill level 3 in Polearms
   956 | D:2      | Reached XP level 3. HP: 30/30 MP: 5/5
  1179 | D:2      | Learned a level 2 spell: Swiftness
  1194 | D:2      | Reached skill level 1 in Stealth
  1325 | D:2      | Reached skill level 1 in Armour
  1422 | D:2      | Reached XP level 4. HP: 37/37 MP: 7/7
  2195 | D:3      | Reached XP level 5. HP: 36/44 MP: 8/8
  2839 | D:4      | Noticed a phantom
  3001 | D:4      | Noticed a phantom
  3023 | D:4      | Killed a phantom
  3023 | D:4      | Reached XP level 6. HP: 36/51 MP: 10/10
  3090 | D:4      | Killed a phantom
  3090 | D:4      | Reached skill level 4 in Polearms
  3727 | D:4      | Noticed a black bear
  3743 | D:4      | Killed a black bear
  4043 | D:4      | Reached XP level 7. HP: 57/57 MP: 12/12
  4359 | D:4      | Noticed an ogre
  4374 | D:4      | Killed an ogre
  4449 | D:4      | Found a staircase to the Ecumenical Temple.
  4821 | D:5      | Entered Level 5 of the Dungeon
  5034 | D:5      | Reached skill level 5 in Dodging
  5034 | D:5      | Reached skill level 1 in Charms
  5137 | D:5      | Reached skill level 1 in Air Magic
  5309 | D:5      | Found a burning altar of Makhleb.
  5374 | D:5      | Reached skill level 1 in Spellcasting
  5378 | D:5      | Reached XP level 8. HP: 59/66 MP: 14/16
  5887 | D:5      | Upgraded the game from 0.15-a0-756-g319e367 to 0.15-a0-1230-gf41e293
  6145 | D:6      | Reached skill level 1 in Evocations
  6352 | D:6      | Reached skill level 5 in Polearms
  7028 | D:6      | Learned a level 2 spell: Cure Poison
  7050 | D:6      | Found a snail-covered altar of Cheibriados.
  7284 | D:6      | Noticed Natasha
  7295 | D:6      | Killed Natasha
  7555 | D:7      | Reached skill level 5 in Fighting
  7643 | D:7      | Reached XP level 9. HP: 39/74 MP: 18/18
  7906 | D:7      | Reached skill level 5 in Stealth
  8024 | D:7      | Reached skill level 6 in Dodging
  8416 | D:7      | Noticed a hill giant
  8457 | D:6      | Noticed Natasha
  8464 | D:6      | Killed Natasha
  8965 | D:7      | Found a deep blue altar of Sif Muna.
  8965 | D:7      | Found an iron altar of Okawaru.
  8970 | D:7      | Found a stormy altar of Qazlal.
  9177 | D:8      | Found Uvusa's Weapon Emporium.
  9287 | D:8      | Found an iron altar of Okawaru.
  9491 | D:8      | Got a polished chain mail
  9504 | D:8      | Identified the +4 chain mail of Zow Mnev {Str+4 Stlth+} (You found it on level 8 of the Dungeon)
  9550 | D:8      | Identified a scroll of acquirement
  9551 | D:8      | Got a crude golden amulet
  9553 | D:8      | Identified the amulet of the Suburbs {Stasis Dex+3 Int-3} (You acquired it on level 8 of the Dungeon)
 10419 | D:9      | Found a glowing golden altar of the Shining One.
 10420 | D:9      | Noticed an angel
 10426 | D:9      | Found a basalt altar of Yredelemnul.
 10427 | D:9      | Noticed a profane servitor
 10555 | D:9      | Reached XP level 10. HP: 84/84 MP: 21/21
 11004 | D:9      | Reached skill level 7 in Fighting
 11241 | D:9      | Noticed a komodo dragon
 11264 | D:9      | Killed a komodo dragon
 11690 | D:10     | Entered Level 10 of the Dungeon
 11691 | D:10     | Upgraded the game from 0.15-a0-1230-gf41e293 to 0.15-a0-1253-g15b4f57
 11852 | D:10     | Found a staircase to the Lair.
 12026 | D:10     | Noticed Fannar
 12060 | D:10     | Killed Fannar
 12060 | D:10     | Reached skill level 5 in Armour
 12446 | D:10     | Noticed Erica
 12459 | D:10     | Killed Erica
 12497 | D:10     | Noticed Harold
 12877 | D:10     | Killed Harold
 12960 | D:10     | Noticed Sonja
 12977 | D:10     | Killed Sonja
 12977 | D:10     | Reached skill level 8 in Fighting
 13204 | D:10     | Killed a hill giant
 13204 | D:10     | Reached XP level 11. HP: 79/94 MP: 22/22
 13420 | Lair:1   | Entered Level 1 of the Lair of Beasts
 13538 | Lair:1   | Noticed Zuul's ghost (powerful DsGl)
 13599 | Lair:2   | Noticed a seven-headed hydra
 13613 | Lair:2   | Killed a two-headed hydra
 13862 | Lair:2   | Found a labyrinth entrance.
 13876 | Lab      | Entered a labyrinth
 15247 | Lab      | Slain by a gargoyle

Action                   |  1- 3 |  4- 6 |  7- 9 | 10-12 || total
-------------------------+-------+-------+-------+-------++-------
Melee: Trident           |   134 |   279 |       |       ||   413
       Spear             |       |     5 |   791 |   585 ||  1381
       Dagger            |       |     3 |     8 |       ||    11
       Scimitar          |       |       |       |     6 ||     6
 Fire: Blowgun           |       |       |    24 |    26 ||    50
Throw: Throwing net      |       |     1 |     1 |     3 ||     5
       Javelin           |       |     1 |    25 |    11 ||    37
       Stone             |       |     1 |       |     1 ||     2
 Cast: Swiftness         |     3 |     1 |    14 |       ||    18
       Cure Poison       |       |       |     3 |       ||     3
Evoke: Wand              |       |       |    12 |     7 ||    19
  Use: Potion            |       |     6 |     3 |    10 ||    19
       Scroll            |       |       |    10 |     4 ||    14
 Stab: Sleeping          |     3 |     9 |     9 |     4 ||    25
       Held in net/web   |       |     2 |       |     2 ||     4
       Distracted        |       |       |     1 |     1 ||     2
